 Dungeon Crawl Stone Soup version 0.18-a0-1078-gebb93d0 (webtiles) character file.

98 ater218 the Skirmisher (level 4, -1/35 HPs)
             Began as a Vampire Fighter on Jan 14, 2016.
             Slain by Natasha (2 damage)
             ... on level 2 of the Dungeon.
             The game lasted 00:06:10 (1551 turns).

ater218 the Skirmisher (Vampire Fighter)            Turns: 1551, Time: 00:06:11

Health: -1/35      AC:  6    Str: 15    XL:     4   Next: 44%
Magic:  4/4        EV:  7    Int: 11    God:
Gold:   38         SH:  8    Dex: 13    Spells: 0 memorised, 3 levels left

rFire  . . .     SeeInvis +     n - -3 dagger (curse)
rCold  + . .     Gourm    .     b - +0 scale mail
rNeg   + + .     Faith    .     c - +0 shield
rPois  +         Spirit   .     (no helmet)
rElec  .         Dismiss  .     (no cloak)
rCorr  .         Reflect  .     (no gloves)
SustAt .         Harm     .     (no boots)
MR     .....                    (no amulet)
Stlth  ..........               (no ring)
                                (no ring)

@: regenerating slowly, slowed, very slow, not resistant to hostile
enchantments, extremely unstealthy
A: fangs 3, see invisible, unbreathing
a: Bat Form


You were on level 2 of the Dungeon.
You were very thirsty.

You visited 1 branch of the dungeon, and saw 2 of its levels.

You collected 38 gold pieces.

Inventory:

Hand Weapons
 a - a +1 long sword
 n - a cursed -3 dagger (weapon)
Armour
 b - a +0 scale mail (worn)
 c - a +0 shield (worn)
Scrolls
 o - a scroll of identify
Potions
 d - a potion of might
 e - 12 potions of blood
 f - a potion of brilliance
 g - a potion of magic {unknown}
 h - a potion of mutation {unknown}
 i - a potion of curing {unknown}
 j - a potion of flight {unknown}
 k - a potion of poison {unknown}
 l - a potion of cancellation {unknown}
 m - a potion of lignification {unknown}


   Skills:
 + Level 3.1 Fighting
 * Level 2.7 Long Blades
 + Level 2.9 Armour
 * Level 1.9 Dodging
 + Level 3.1 Shields


You had 3 spell levels left.
You didn't know any spells.

Dungeon Overview and Level Annotations

Branches:
Dungeon (2/15)

Altars:

Annotations:
D:2 Natasha


Innate Abilities, Weirdness & Mutations

You heal slowly.
You have razor-sharp teeth.
You have supernaturally acute eyesight.
You can survive without breathing.


Message History

There is an open door here.
You close the door.
You start resting.
Natasha, Servant of Life and Death opens the door.
Natasha claws you!
* * * LOW HITPOINT WARNING * * *
There is an open door here.
You hit Natasha.
Natasha is lightly wounded.
Natasha stares at you and mumbles some strange words.
You feel as though you will be slow longer.
You block Natasha's attack.
Your shield and scale mail prevent you from hitting Natasha.
Your bite misses Natasha.
Natasha stares at you and mumbles some strange words.
The magic dart hits you!
* * * LOW HITPOINT WARNING * * *
You hit Natasha but do no damage. Natasha closely misses you.
Natasha claws you.
You die...

.....# #.#.##.# ##.## ..####
#.#.##.# #.# ..# #.#.##.## #.#
..# #.......# ##+## ..# #..#.#..#
##...## .## ###..#.#..# ##.....##
<# #......#..###.......##
.#####.#.......##.........####...
................@h........+.S....
.#####.##....#.##.........####...
## #.##.#.##.###.......## #
#.........# ##.....## #
####.###### ##...## ## #.# ##+##
#. #.# #)# ## .. .#######.## #
..........# #


You could see Natasha.

Vanquished Creatures
  Jessica (D:2)
  Natasha (D:2)
  An adder (D:2)
  An ooze (D:2)
  2 giant geckos
  A ball python (D:2)
  2 bats (D:1)
  2 giant cockroaches
  4 goblins
  9 hobgoblins
  A quokka (D:2)
  A giant newt (D:1)
  A kobold (D:2)
  2 rats (D:1)
29 creatures vanquished.

Notes
Turn   | Place    | Note
--------------------------------------------------------------
     0 | D:1      | ater218 the Vampire Fighter began the quest for the Orb.
     0 | D:1      | Reached XP level 1. HP: 17/17 MP: 1/1
   242 | D:1      | Reached XP level 2. HP: 18/23 MP: 2/2
   845 | D:2      | Reached skill level 1 in Dodging
   850 | D:2      | Reached skill level 3 in Shields
   857 | D:2      | Noticed Natasha
   864 | D:2      | Killed Natasha
   864 | D:2      | Reached XP level 3. HP: 19/29 MP: 3/3
  1155 | D:2      | Noticed Jessica
  1159 | D:2      | Killed Jessica
  1159 | D:2      | Reached XP level 4. HP: 35/35 MP: 4/4
  1542 | D:2      | Noticed Natasha
  1550 | D:2      | HP: 1/35 [Natasha/magic dart (8)]
  1551 | D:2      | Slain by Natasha

Vault maps used:
D:1:      dpeg_arrival_rooms_c, minmay_misc_feat_cross, bh_walls_and_bars
D:2:      first_bread, uniq_jessica, uniq_natasha

Action                   |  1- 3 |  4- 6 || total
-------------------------+-------+-------++-------
Melee: Long sword        |    54 |       ||    54
       Dagger            |    17 |    62 ||    79
 Abil: End Transformatio |       |     1 ||     1
       Bat Form          |       |     1 ||     1
  Use: Scroll            |     4 |       ||     4
